 Dungeon Crawl Stone Soup version 0.28-a0-863-g8cecda6153 (webtiles) character file.

Game seed: 8662039889184454456

5 kae the Chiller (level 1, -1/14 HPs)
             Began as a Merfolk Ice Elementalist on Nov 18, 2021.
             Slain by a ball python (3 damage)
             ... on level 1 of the Dungeon.
             The game lasted 00:00:09 (81 turns).

kae the Chiller (Merfolk Ice Elementalist)            Turns: 81, Time: 00:00:10

Health: -1/14      AC:  2    Str:  8    XL:     1   Next: 80%
Magic:  0/3        EV:  9    Int: 14    God:
Gold:   0          SH:  0    Dex: 14    Spells: 3/4 levels left

rFire   . . .      SeeInvis .   (no weapon)
rCold   . . .      Faith    .   (no shield)
rNeg    . . .      Spirit   .   a - +0 robe
rPois   .          Reflect  .   (no helmet)
rElec   .          Harm     .   (no cloak)
rCorr   .          Rampage  .   (no gloves)
Will    .....                   (no boots)
Stlth   ++........              (no amulet)
HPRegen 0.04/turn               (no ring)
MPRegen 0.08/turn               (no ring)

@: constricted
A: (nimble swimmer 2), mertail
a: no special abilities


You were on level 1 of the Dungeon.
You visited 1 branch of the dungeon, and saw 1 of its levels.

Inventory:

Armour
 a - a +0 robe (worn)


   Skills:
 + Level 0.4 Fighting
 - Level 2.6 Dodging
 - Level 2.1 Stealth
 + Level 2.1 Spellcasting
 * Level 4.5 Ice Magic


You had 3 spell levels left.
You knew the following spells:

 Your Spells              Type           Power      Damage    Failure   Level
a - Freeze                Ice            56%        1d7       3%          1

Your spell library contained the following spells:

 Spells                   Type           Power      Damage    Failure   Level
 Frozen Ramparts          Ice            28%        1d4       11%         3
 Ozocubu's Armour         Ice            14%        N/A       11%         3
 Hailstorm                Conj/Ice       7%         3d4       67%         4


Dungeon Overview and Level Annotations

Branches:
Dungeon (1/15)

Altars:


Innate Abilities, Weirdness & Mutations

((You are quick and stealthy near water. (Stealth+, EV+, Speed+++)))
Your lower body shifts to a powerful aquatic tail in water.


Message History

You don't have enough magic to cast this spell.
Casting: Freeze (safe; 3% risk of failure)
Confirm with . or Enter, or press ? or * to list all spells.
You don't have enough magic to cast this spell.
You hit the dart slug but do no damage. You hit the dart slug but do no damage.
The dart slug completely misses you.
You hit the dart slug.
The dart slug is lightly wounded.
The giant cockroach misses you. The dart slug barely misses you.
You hit the dart slug.
The dart slug is moderately wounded.
The giant cockroach bites you but does no damage.
You hit the dart slug.
The dart slug is heavily wounded.
The giant cockroach barely misses you.
The ball python bites you but does no damage.
The ball python grabs you. The ball python constricts you.
The dart slug launches a dart at you. The slug dart hits you.
The giant cockroach barely misses you.
Casting: Freeze (safe; 3% risk of failure)
Confirm with . or Enter, or press ? or * to list all spells.
Aiming: Freeze (safe; 3% risk of failure)
Press: ? - help, Shift-Dir - straight line, f - dart slug
Aim: a dart slug (heavily wounded)
You freeze the dart slug.
You kill the dart slug!
The ball python barely misses you. The ball python constricts you.
The giant cockroach bites you but does no damage.
The ball python bites you. The ball python constricts you.
You hit the giant cockroach but do no damage.
The giant cockroach waves its antennae.
The giant cockroach bites you. The ball python closely misses you.
The ball python constricts you.
* * * LOW HITPOINT WARNING * * *
You hit the giant cockroach.
The giant cockroach is lightly wounded.
The giant cockroach bites you.
* * * LOW HITPOINT WARNING * * *
The ball python bites you.
You die...

......# ....#.# ....#
......# .. ....#
###...# #.# ##....
..#...# #..#+##....
..#...# #.........
#'##''#####........
#<#...#...#.....†###
###...#...#.#'..@..#
#.....#...#..'.SB.(###
'.....#...#.#'.......#
'.....#...#.....#....#
#######...#.....#..=.#
#.........'?....#....#
'.........#.#+#.#....#
'.........+.# #.####.#
###########.. #.# ..


You could see a giant cockroach and a ball python.

Vanquished Creatures
  A dart slug (D:1)
  A ball python (D:1)
  An endoplasm (D:1)
3 creatures vanquished.

Notes
Turn   | Place    | Note
-------+----------+-------------------------------------------
     0 | D:1      | kae the Merfolk Ice Elementalist began the quest for the
                  | Orb.
     0 | D:1      | Reached XP level 1. HP: 13/13 MP: 3/3
    81 | D:1      | Slain by a ball python

Illustrated notes

Levels and vault maps discovered:
D:1:      minmay_arrival_widening_spiral_wide, layout_basic,
          ebering_ecumenical_altar_petrified, minivault_24,
          amcnicky_mini_pool_small, minmay_three_crescents

Action                   || total
-------------------------++-------
Melee: Unarmed           ||     8
 Cast: Freeze            ||     4
Armor: Robe              ||     5
Dodge: Dodged            ||     8

Table legend: (Time is in decaauts)
 A = Elapsed time spent in this place.
 B = Non-inter-level travel time spent in this place.
 C = Inter-level travel time spent in this place.
 D = Time resting spent in this place.
 E = Time spent auto-exploring this place.
 F = Levels seen in this place.
 G = Mean time per level.
                   A        B        C        D        E       F      G
               +--------+--------+--------+--------+--------+-----+--------+
         Total |     81 |     81 |      0 |      0 |     60 |   1 |   81.0 |
       Dungeon |     81 |     81 |      0 |      0 |     60 |   1 |   81.0 |
               +--------+--------+--------+--------+--------+-----+--------+

Top non-repeatable levels by time:
     D:1: 81 daAuts
